AoeStats
← Edu

Arabia

512089822Analyzed
2v2 RM · 12d ago on Oct 8, 2026· 83m 20s· 4 players
Game mode
Random Map
Map size
Medium (4 player)
Population
200
Speed
Normal
Resources
Standard
Victory
Conquest
Starting age
Dark Age
Ending age
Imperial Age
RankedLock teamsTeams togetherTeam positionsShared explorationLock speedFull tech treeHidden civsTurbo modeCheats
Victory
Defeat
🇨🇱 Armenians · Chile
779
+15
🇨🇱 Cumans · Chile
739
+18
vs
🇦🇷 Saxons · Argentina
772
-17
🇦🇷 Inca · Argentina
747
-16
lalacrocante
9:39 Loom
12:05 Feudal Age
17:49 Castle Age
15:47 Horse Collar
16:45 Double-Bit Axe
20:46 Wheelbarrow
22:14 Heavy Plow
24:06 Bow Saw
26:27 Gold Mining
26:27 Stone Mining
26:21 Champi Runner
27:03 Squires
26:48 Arson
28:23 Gold Shaft Mining
28:27 Stone Shaft Mining
27:15 Champi Warrior
28:46 Hand Cart
37:15 Imperial Age
38:01 Thumb Ring
42:09 Crop Rotation
42:45 Elite Champi Warrior
45:37 Caravan
49:45 Elite Skirmisher
56:49 Andean Sling
57:11 Conscription
57:25 Town Watch
58:34 Forging
58:24 Scale Mail Armor
58:15 Fletching
58:28 Padded Archer Armor
59:33 Chemistry
58:53 Ballistics
61:50 Chain Mail Armor
62:10 Iron Casting
61:30 Bodkin Arrow
61:51 Leather Archer Armor
61:51 Fabric Shields
65:28 Pikeman
Vuppa Warsov
0:33 Loom
9:53 Feudal Age
10:38 Double-Bit Axe
16:49 Castle Age
15:02 Horse Collar
18:20 Bow Saw
18:11 Heavy Plow
20:33 Stone Mining
25:45 Gold Mining
26:35 Wheelbarrow
28:14 Gold Shaft Mining
28:18 Hand Cart
27:50 Town Watch
28:20 Squires
29:48 Town Patrol
30:22 Gambesons
30:23 Arson
29:59 Pikeman
31:03 Man-at-Arms
32:09 Forging
31:59 Scale Mail Armor
32:08 Long Swordsman
33:15 Clerical Recruitment
36:46 Imperial Age
35:33 Sanctity
35:57 Iron Casting
35:37 Chain Mail Armor
38:03 Thumb Ring
37:19 Crossbowman
38:33 Conscription
37:36 Shield Wall
37:44 Two-Handed Swordsman
37:45 Halberdier
38:24 Arbalester
41:42 Two-Man Saw
40:54 Champion
42:13 Plate Mail Armor
42:07 Redemption
42:15 Block Printing
42:32 Illumination
42:47 Theocracy
43:33 Caravan
43:47 Guilds
46:40 Elite Hearth Troop
47:56 Hoardings
46:46 Capped Ram
47:45 Siege Ram
50:07 Coinage
51:13 Atonement
51:46 Fletching
51:58 Padded Archer Armor
53:51 Chemistry
53:12 Ballistics
52:58 Siege Engineers
52:50 Murder Holes
52:35 Treadmill Crane
53:06 Masonry
55:38 Arrowslits
57:00 Bodkin Arrow
58:12 Elite Skirmisher
67:30 Crop Rotation
74:08 Banking
76:54 Cranequins
76:55 Heavy Mounted Crossbowman
Choro Guts
0:26 Loom
13:14 Feudal Age
14:01 Horse Collar
13:44 Man-at-Arms
15:22 Long Swordsman
15:48 Arson
16:08 Scale Mail Armor
17:38 Forging
23:59 Double-Bit Axe
26:48 Gold Mining
30:16 Wheelbarrow
32:36 Castle Age
33:02 Two-Handed Swordsman
33:27 Gambesons
33:43 Squires
34:01 Chain Mail Armor
34:21 Iron Casting
33:49 Champion
35:26 Gold Shaft Mining
35:02 Stone Mining
36:37 Fletching
36:48 Padded Archer Armor
37:27 Bow Saw
41:26 Imperial Age
39:06 Bodkin Arrow
39:27 Leather Archer Armor
40:40 Fervor
41:25 Ballistics
42:42 Plate Mail Armor
42:43 Ring Archer Armor
42:37 Conscription
43:07 Bracer
45:18 Fereters
47:43 Heavy Plow
48:00 Hand Cart
48:48 Blast Furnace
48:33 Caravan
48:34 Elite Composite Bowman
50:23 Chemistry
49:21 Murder Holes
64:59 Hoardings
76:45 Town Watch
Edu
11:50 Feudal Age
10:26 Loom
13:17 Horse Collar
13:23 Double-Bit Axe
15:10 Wheelbarrow
21:07 Bloodlines
24:33 Castle Age
24:36 Capped Ram
25:29 Thumb Ring
25:44 Heavy Plow
26:02 Bow Saw
26:24 Padded Archer Armor
27:53 Hand Cart
33:42 Leather Archer Armor
33:17 Fletching
33:38 Forging
34:11 Gold Mining
36:29 Scale Mail Armor
36:35 Scale Barding Armor
38:26 Iron Casting
37:47 Bodkin Arrow
40:35 Elite Skirmisher
42:18 Ballistics
44:32 Imperial Age
45:57 Gold Shaft Mining
45:13 Stone Mining
45:56 Crop Rotation
46:30 Two-Man Saw
44:59 Siege Ram
46:08 Parthian Tactics
46:23 Ring Archer Armor
46:54 Blast Furnace
47:16 Caravan
48:17 Steppe Husbandry
48:41 Conscription
50:09 Heavy Cavalry Archer
51:26 Chain Barding Armor
64:26 Cavalier
67:59 Paladin
79:43 Plate Barding Armor
79:24 Chain Mail Armor
Connection lost

Rejoining the realm…

Still unreachable

The connection could not be restored.

Session expired

The server has moved on; the page needs a fresh start.